 Dungeon Crawl Stone Soup version 0.31-a0-981-geadf994542 (webtiles) character file.

Game seed: 1894860531809899101

110 olourkin the Poker (level 4, -2/36 HPs)
             Began as a Ghoul Gladiator on Nov 1, 2023.
             Slain by a worm (5 damage)
             ... in a sewer.
             The game lasted 00:06:48 (1600 turns).

olourkin the Poker (Ghoul Gladiator)                Turns: 1600, Time: 00:06:48

Health: -2/36      AC:  4    Str: 17    XL:     4   Next: 91%
Magic:  3/3        EV: 12    Int:  3    God:
Gold:   110        SH:  0    Dex: 12    Spells: 3/3 levels left

rFire   . . .        a - +0 trident
rCold   + . .        (no shield)
rNeg    + + +        i - +1 robe {Will+}
rPois   ∞            c - +0 helmet
rElec   .            (no cloak)
rCorr   +            (no gloves)
SInv    .            (no boots)
Will    +....        p - amulet of the acrobat
Stlth   +            h - ring of resist corrosion
HPRegen 0.00/turn    (no ring)
MPRegen 0.08/turn

%: acrobat
@: inhibited regen, studying Stealth
A: claws 1, cold resistance 1, negative energy resistance 3, inhibited
regeneration, torment resistance 2, devour on kill
a: no special abilities


You were in a sewer.
You visited 1 branch of the dungeon, and saw 3 of its levels.
You also visited: Sewer.

You collected 110 gold pieces.

Inventory:

Hand Weapons
 a - a +0 trident (weapon)
Missiles
 d - 2 throwing nets (quivered)
 e - a javelin
 g - 24 stones
Armour
 b - a +0 leather armour
 c - a +0 helmet (worn)
 i - a +1 robe of willpower (worn)
Jewellery
 h - a ring of resist corrosion (left claw)
 p - an amulet of the acrobat (around neck)
Scrolls
 f - a scroll of identify {unknown}
 k - 2 scrolls of teleportation {unknown}
 m - a scroll of noise {unknown}
 n - a scroll of immolation {unknown}
 o - a scroll of blinking {unknown}
Potions
 j - a potion of attraction {unknown}
 l - a potion of enlightenment {unknown}
 q - a potion of cancellation {unknown}


   Skills:
 - Level 2.1 Fighting
 + Level 4.9 Polearms
 - Level 1.7 Throwing
 - Level 2.6 Dodging
 + Level 0.1 Stealth


You had 3 spell levels left.
You didn't know any spells.
Your spell library contained the following spells:

 Spells                   Type           Power      Damage    Failure   Level
 Apportation              Tloc           0%         N/A       52%         1
 Necrotise                Necr           0%         1d4       52%         1
 Summon Small Mammal      Summ           0%         N/A       52%         1


Dungeon Overview and Level Annotations

Branches:
Dungeon (3/15)              Sewer (1/1)

Altars:


Innate Abilities, Weirdness & Mutations

You are immune to poison.
You have sharp fingernails.
Your flesh is cold resistant. (rC+)
You are immune to negative energy. (rN+++)
You do not regenerate when monsters are visible.
You are immune to unholy pain and torment.
You thrive by killing the living.


Message History

The curare-tipped dart completely misses you.
You closely miss the kobold brigand.
The kobold brigand is moderately wounded.
You closely miss the kobold brigand.
The kobold brigand is moderately wounded.
The kobold brigand barely misses you.
You hit the kobold brigand.
The kobold brigand is heavily wounded.
The kobold brigand hits you with a +0 club.
* * * LOW HITPOINT WARNING * * *
The worm bites you but does no damage.
The kobold brigand attacks as it pursues you!
The kobold brigand completely misses you.
The kobold brigand attacks as it pursues you!
The kobold brigand closely misses you.
You hit the kobold brigand.
The kobold brigand is heavily wounded.
The kobold brigand hits you but does no damage.
You hit the kobold brigand.
The kobold brigand is heavily wounded.
The kobold brigand closely misses you.
You hit the kobold brigand.
The kobold brigand is severely wounded.
The kobold brigand barely misses you.
The kobold brigand attacks as it pursues you!
The kobold brigand hits you with a +0 club.
* * * LOW HITPOINT WARNING * * *
You closely miss the kobold brigand.
The kobold brigand is severely wounded.
The kobold brigand hits you with a +0 club.
* * * LOW HITPOINT WARNING * * *
You barely miss the kobold brigand.
The kobold brigand is severely wounded.
The kobold brigand hits you but does no damage.
You hit the kobold brigand.
The kobold brigand is almost dead.
The kobold brigand hits you with a +0 club.
* * * LOW HITPOINT WARNING * * *
The worm bites you.
You die...

#~~~#~.~# ~~. ~.~
##~###~## #~# #~#
#.# #~# #~# #~#
#~###~# #~###~#
#~..~~# #w.~~~#
##~~~## ##~~.##
#~~.# #...# #.~~#
#~~.# #.@K## ##..~#
#.ww.## ##..~.#
#.~~.~#####).~~~#
##~...~..~~~~~.##
###.~.~~~~~.###
##...~~.(##
##~.~~~.~## ~
~~.##~.~~~~..~##.~
#..~~~~..~~~..~~~~.


You could see a kobold brigand and 2 worms.

Vanquished Creatures
  2 adders
  3 river rats (D:3)
  3 worms
  2 dart slugs (D:1)
  5 ball pythons
  3 bats
  4 endoplasms
  A giant cockroach (D:1)
  A goblin (D:2)
  7 hobgoblins
  3 jackals (D:1)
  5 kobolds
  3 quokkas
  4 frilled lizards
  7 rats
53 creatures vanquished.

Notes
Turn   | Place    | Note
-------+----------+-------------------------------------------
     0 | D:1      | olourkin the Ghoul Gladiator began the quest for the Orb.
     0 | D:1      | Reached XP level 1. HP: 17/17 MP: 0/0
    65 | D:1      | Reached skill level 3 in Polearms
   142 | D:1      | Reached XP level 2. HP: 24/24 MP: 1/1
   299 | D:1      | Reached XP level 3. HP: 14/29 MP: 2/2
   434 | D:1      | Reached skill level 4 in Polearms
   464 | D:1      | Found a faded altar of an unknown god.
   915 | D:2      | Reached XP level 4. HP: 36/36 MP: 3/3
  1053 | D:2      | You fall into a shaft and drop 1 floor!
  1434 | D:3      | Found a glowing drain.
  1442 | Sewer    | Entered a sewer
  1554 | Sewer    | Noticed a kobold brigand
  1600 | Sewer    | Slain by a worm

Illustrated notes

Levels and vault maps discovered:
D:1:      dpeg_arrival_shrine, layout_rooms,
          dreamdust_ecumenical_altar_hidden_monk_grotto
D:2:      layout_loops_cross, roderic_lattice_a, minmay_bisected, uniq_sigmund
D:3:      layout_loops_ring, lightli_sewer_entry_pipes, lexackson_kobold_supper
Sewer:    sewer_co_tree

Skill      XL: |  1  2  3 |
---------------+----------+-----
Polearms       | 3 4 |  4.9
Fighting       | |  2.1
Throwing       | |  1.7
Dodging        | |  2.6
Stealth        | |  0.1

Action                     |  1- 3 |  4- 6 || total
---------------------------+-------+-------++-------
  Melee: Trident           |   123 |    84 ||   207
         Punch             |       |     1 ||     1
  Throw: Throwing net      |       |     1 ||     1
 Armour: Leather armour    |    13 |       ||    13
         Robe              |    42 |    32 ||    74
  Dodge: Dodged            |    72 |    50 ||   122

Table legend: (Time is in decaauts)
 A = Elapsed time spent in this place.
 B = Non-inter-level travel time spent in this place.
 C = Inter-level travel time spent in this place.
 D = Time resting spent in this place.
 E = Time spent auto-exploring this place.
 F = Levels seen in this place.
 G = Mean time per level.
                   A        B        C        D        E       F      G
               +--------+--------+--------+--------+--------+-----+--------+
         Total |   1667 |   1612 |     55 |    220 |    873 |   4 |  416.8 |
       Dungeon |   1480 |   1425 |     55 |    207 |    784 |   3 |  493.3 |
         Sewer |    187 |    187 |      0 |     13 |     89 |   1 |  187.0 |
               +--------+--------+--------+--------+--------+-----+--------+

Top non-repeatable levels by time:
     D:1: 678 daAuts
     D:3: 411 daAuts
     D:2: 390 daAuts
   Sewer: 187 daAuts
